 Dungeon Crawl Stone Soup version 0.18-a0-1060-g4fac74f (webtiles) character file.

51 namelastname112 the Magician (level 3, -3/28 HPs)
             Began as a Draconian Wizard on Jan 12, 2016.
             Slain by a worm (12 damage)
             ... on level 2 of the Dungeon.
             The game lasted 00:02:00 (1327 turns).

namelastname112 the Magician (Draconian Wizard)     Turns: 1327, Time: 00:02:00

Health: -3/28      AC:  5    Str:  9    XL:     3   Next: 58%
Magic:  5/7        EV: 12    Int: 18    God:
Gold:   78         SH:  0    Dex: 10    Spells: 1 memorised, 7 levels left

rFire  . . .     SeeInvis .     d - +0 short sword
rCold  . . .     Gourm    .     (armour unavailable)
rNeg   . . .     Faith    .     (no shield)
rPois  .         Spirit   .     a - +0 hat
rElec  .         Dismiss  .     (no cloak)
rCorr  .         Reflect  .     (no gloves)
SustAt .         Harm     .     (no boots)
MR     .....                    (no amulet)
Stlth  ++........               (no ring)
                                (no ring)

@: not resistant to hostile enchantments, unstealthy
A: unfitting armour, cold-blooded, AC +5
a: no special abilities


You were on level 2 of the Dungeon.
You were not hungry.

You visited 1 branch of the dungeon, and saw 2 of its levels.

You collected 78 gold pieces.

Inventory:

Hand Weapons
 d - a +0 short sword (weapon)
Armour
 a - a +0 hat (worn)
Scrolls
 e - a scroll of identify {unknown}
 f - a scroll of recharging {unknown}
 h - a scroll of magic mapping {unknown}
Potions
 g - a potion of agility {unknown}
 i - a potion of haste {unknown}
Books
 b - a book of Minor Magic

   Spells                             Type                      Level
   a - Magic Dart                     Conjuration                  1
   b - Blink                          Translocation                2
   c - Call Imp                       Summoning                    2
   d - Repel Missiles                 Charms/Air                   2
   e - Slow                           Hexes                        2
   f - Conjure Flame                  Conjuration/Fire             3
   g - Mephitic Cloud                 Conjuration/Poison/Air       3
Comestibles
 c - a bread ration


   Skills:
 + Level 1.3 Fighting
 * Level 1.5 Short Blades
 + Level 2.2 Dodging
 * Level 2.5 Stealth
 - Level 3.0 Spellcasting
 - Level 1.0 Conjurations
   Level 1.0 Summonings
   Level 1.0 Translocations


You had 7 spell levels left.
You knew the following spells:

 Your Spells              Type           Power        Failure   Level  Hunger
z - Magic Dart            Conj           #...         12%         1    None


Dungeon Overview and Level Annotations

Branches:
Dungeon (2/15)

Altars:
Sif Muna
The Shining One


Innate Abilities, Weirdness & Mutations

Your plain brown scales are hard (AC +5).
Your body does not fit into most forms of armour.
You are cold-blooded and may be slowed by cold attacks.


Message History

The worm bites you.
You hit the worm but do no damage.
The worm is heavily wounded.
You barely miss the worm.
The worm is heavily wounded.
The worm barely misses you.
You hit the worm but do no damage.
The worm is heavily wounded.
The worm misses you.
You hit the worm but do no damage.
The worm is heavily wounded.
You hit the worm.
The worm is heavily wounded.
The worm bites you!
You barely miss the worm. You tail-slap the worm.
The worm is heavily wounded.
You hit the worm.
The worm is severely wounded.
The worm bites you!
You die...

....## #.#####
....# ..#.....#
....#
#.#####.#####
....#
#.#.........##
....#
#.#.#######..#
...... #.#.# ##.#
.>.... . #.#.##
#.## .....
....##w#..### #..#
.....
.......@....#
##.## .....
............# #..#
#####
############# ##.#
##### ##.# # #...#
####..# ### #._.#
#.#...# ..## #...#
##.....# ...##
###.### ###.....##
....#######8...8##
##......##


You could see a worm.

Vanquished Creatures
  An adder (D:2)
  An ooze (D:2)
  A worm (D:2)
  A giant gecko (D:2)
  A ball python (D:1)
  A giant cockroach (D:2)
  4 goblins (D:1)
  4 hobgoblins
  8 bats
  2 giant newts (D:1)
  9 kobolds
  A rat (D:2)
34 creatures vanquished.

Notes
Turn   | Place    | Note
--------------------------------------------------------------
     0 | D:1      | namelastname112 the Draconian Wizard began the quest for the Orb.
     0 | D:1      | Reached XP level 1. HP: 14/14 MP: 4/4
   211 | D:1      | Reached XP level 2. HP: 17/20 MP: 4/6
   255 | D:1      | Reached skill level 1 in Short Blades
   932 | D:2      | Reached XP level 3. HP: 27/27 MP: 0/7
   949 | D:2      | Found a deep blue altar of Sif Muna.
  1041 | D:2      | Reached skill level 1 in Fighting
  1269 | D:2      | Found a glowing golden altar of the Shining One.
  1327 | D:2      | Slain by a worm

Vault maps used:
D:1:      onia_arrival_mini_maze, minmay_misc_feat_hallway
D:2:      nicolae_overflow_crystal_walls, nicolae_tso_carved_into_rock,
          grunt_decor_cap

Action                   || total
-------------------------++-------
Melee: Short sword       ||    93
 Cast: Magic Dart        ||    53
 Stab: Sleeping          ||     3
  Eat: Chunk             ||     1
